AoeStats
← [PSCH] R!ce

African Clearing

510351908Analyzed
2v2 RM · 2d ago on Sep 30, 2026· 45m 27s· 4 players
Game mode
Random Map
Map size
Medium (4 player)
Population
200
Speed
Normal
Resources
Standard
Victory
Conquest
Starting age
Dark Age
Ending age
Imperial Age
RankedLock teamsTeams togetherTeam positionsShared explorationLock speedFull tech treeHidden civsTurbo modeCheats
Victory
Defeat
🇨🇭 Khitans · Switzerland
1439
+14
🇨🇭 Saxons · Switzerland
1356
+18
🇳🇱 Bulgarians · Netherlands
1435
-18
🇨🇦 Burmese · Canada
1359
-14
[PSCH] R!ce
9:11 Loom
11:42 Feudal Age
13:12 Double-Bit Axe
15:09 Forging
21:50 Castle Age
20:05 Scale Barding Armor
20:55 Fletching
22:32 Bodkin Arrow
22:04 Light Cavalry
27:01 Bow Saw
29:50 Padded Archer Armor
31:33 Ballistics
33:05 Leather Archer Armor
36:50 Imperial Age
37:16 Heavy Cavalry Archer
38:21 Parthian Tactics
38:54 Bracer
42:52 Wheelbarrow
43:19 Chemistry
43:27 Thumb Ring
44:00 Ring Archer Armor
44:40 Chain Barding Armor
44:55 Iron Casting
44:48 Hussar
[PSCH] Girithron
5:47 Loom
12:51 Feudal Age
16:47 Castle Age
15:26 Scale Mail Armor
15:48 Forging
15:25 Double-Bit Axe
17:01 Gold Mining
17:24 Gambesons
22:40 Chain Mail Armor
24:43 Bow Saw
24:25 Horse Collar
27:03 Squires
26:49 Arson
28:19 Heavy Plow
29:25 Wheelbarrow
28:43 Town Watch
33:06 Imperial Age
32:16 Hand Cart
33:34 Iron Casting
34:58 Conscription
34:23 Elite Varangian Guard
35:41 Plate Mail Armor
36:41 Chemistry
37:50 Fletching
45:55 Bodkin Arrow
ANTIFA
10:26 Loom
12:55 Feudal Age
13:28 Double-Bit Axe
14:22 Fishing Lines
19:20 Castle Age
19:56 Gillnets
21:17 Bow Saw
22:37 Wheelbarrow
23:00 Fletching
28:33 Fervor
36:51 Imperial Age
34:39 Forging
34:53 Horse Collar
35:21 Scale Barding Armor
35:51 Scale Mail Armor
36:34 Hand Cart
37:34 Iron Casting
37:15 Chain Mail Armor
37:13 Bloodlines
37:04 Husbandry
39:10 Blast Furnace
38:49 Chain Barding Armor
40:17 Plate Barding Armor
40:56 Plate Mail Armor
41:15 Elite Konnik
43:56 Bodkin Arrow
45:04 Heavy Plow
45:24 Bracer
Jaha
12:23 Feudal Age
13:28 Town Watch
14:00 Loom
17:04 Castle Age
16:55 Scale Mail Armor
17:57 Pikeman
22:32 Squires
23:00 Man-at-Arms
24:22 Gambesons
33:12 Forging
33:59 Manipur Cavalry
34:12 Long Swordsman
35:05 Husbandry
36:04 Wheelbarrow
40:35 Fletching
40:36 Arson
41:54 Chain Mail Armor
41:40 Elite Skirmisher
Connection lost

Rejoining the realm…

Still unreachable

The connection could not be restored.

Session expired

The server has moved on; the page needs a fresh start.